 Dungeon Crawl Stone Soup version 0.31-a0-263-ge8cad7f256 (webtiles) character file.

Game seed: 17059864536507797008

53 qw the Shooter (level 3, -1/29 HPs)
             Began as a Minotaur Hexslinger on July 13, 2023.
             Slain by Jessica
             ... wielding a +0 club
              (4 damage)
             ... on level 2 of the Dungeon.
             The game lasted 00:00:28 (1133 turns).

qw the Shooter (Minotaur Hexslinger)                Turns: 1133, Time: 00:00:29

Health: -1/29      AC:  5    Str: 12    XL:     3   Next: 64%
Magic:  3/3        EV: 11    Int: 10    God:
Gold:   76         SH:  0    Dex: 14    Spells: 3/4 levels left

rFire   . . .        Y - +1 sling
rCold   . . .        (no shield)
rNeg    . . .        g - +0 ring mail
rPois   .            (helmet restricted)
rElec   .            (no cloak)
rCorr   .            (no gloves)
SInv    .            (no boots)
Will    .....        (no amulet)
Stlth   +            (no ring)
HPRegen 0.24/turn    (no ring)
MPRegen 0.08/turn

%: no passive effects
@: no status effects
A: horns 2, retaliatory headbutt
a: no special abilities


You were on level 2 of the Dungeon.
You visited 1 branch of the dungeon, and saw 2 of its levels.

You collected 76 gold pieces.


Innate Abilities, Weirdness & Mutations

You have a pair of horns on your head.
You reflexively headbutt those who attack you in melee.


   Skills:
 - Level 2.1 Fighting
 - Level 4.1 Ranged Weapons
 + Level 0.0 Armour
 - Level 2.1 Dodging
 - Level 1.0 Spellcasting
 - Level 2.0 Hexes


You had 3 spell levels left.
You knew the following spells:

 Your Spells              Type           Power      Damage    Failure   Level
a - Slow                  Hex            16%        N/A       34%         1

Your spell library contained the following spells:

 Spells                   Type           Power      Damage    Failure   Level
 Inner Flame              Hex/Fire       2%         N/A       83%         3
 Portal Projectile        Hex/Tloc       4%         N/A       83%         3
 Cause Fear               Hex            2%         N/A       98%         4

Inventory:

Hand Weapons
 Y - a +1 sling (weapon)
Armour
 g - a +0 ring mail (worn)
Scrolls
 a - 2 scrolls of noise {unknown}
 j - a scroll of identify
Potions
 b - a potion of enlightenment {unknown}
 h - a potion of attraction {unknown}
 i - a potion of curing {unknown}

Dungeon Overview and Level Annotations

Branches:
Dungeon (2/15)

Altars:

Annotations:
D:2 Jessica


Message History

Jessica blinks!
Enter note:
Enter note:
Enter note:
Enter note:
Enter note:
Enter note:
Enter note:
Enter note: You shoot a sling bullet.
The sling bullet closely misses Jessica.
You shoot a sling bullet.
The sling bullet hits Jessica but does no damage.
You shoot a sling bullet. The sling bullet barely misses Jessica.
Jessica casts a spell.
Jessica seems to speed up.
Jessica points at you and mumbles some strange words.
Pain shoots through your body!
You shoot a sling bullet. The sling bullet hits Jessica.
Jessica is heavily wounded.
Jessica hits you with a +0 club. Jessica hits you but does no damage.
You shoot a sling bullet. The sling bullet hits Jessica.
Jessica is heavily wounded.
Jessica barely misses you. You furiously retaliate!
You headbutt Jessica, but do no damage. Jessica hits you with a +0 club.
You shoot a sling bullet.
The sling bullet closely misses Jessica.
Jessica barely misses you. x2
You shoot a sling bullet.
The sling bullet hits Jessica but does no damage.
Jessica is heavily wounded.
Jessica hits you with a +0 club. x2
You shoot a sling bullet.
The sling bullet closely misses Jessica.
Jessica hits you but does no damage. Jessica barely misses you.
You shoot a sling bullet. The sling bullet barely misses Jessica.
Jessica barely misses you.
You shoot a sling bullet. The sling bullet barely misses Jessica.
Jessica barely misses you. Jessica hits you with a +0 club.
You die...

#.. #.#### #
#.#..
#.#.#.#####
.#.......
......
#####@#.#####
#....@.......
#.###.#.#####
#.# #.# # #.#
#.# #.# #.# #
#.# #.#.###
..:..
#.###.#...
....>
#.......# ..
....
#..##.#.#..
...... ...


You could see Jessica (fast).

Vanquished Creatures
  2 adders (D:2)
  2 worms
  2 dart slugs (D:1)
  An endoplasm (D:1)
  A goblin (D:1)
  2 hobgoblins (D:2)
  2 kobolds
  3 quokkas (D:1)
  3 ball pythons (D:1)
  3 bats
  5 frilled lizards
  2 rats (D:1)
28 creatures vanquished.

Notes
Turn   | Place    | Note
-------+----------+-------------------------------------------
     0 | D:1      | qw the Minotaur Hexslinger began the quest for the Orb.
     0 | D:1      | Reached XP level 1. HP: 16/16 MP: 1/1
     0 | D:1      | 0 ||| qw: Version: 0.3-a-52-g30416fa
     0 | D:1      | 0 ||| qw: Game counter: 7053
     0 | D:1      | 0 ||| qw: Melee chars always use a shield: true
     0 | D:1      | 0 ||| qw: God list: Okawaru
     0 | D:1      | 0 ||| qw: Allow faded altars: false
     0 | D:1      | 0 ||| qw: Do Orc after clearing Dungeon:15 true
     0 | D:1      | 0 ||| qw: Do second Lair branch before Depths: true
     0 | D:1      | 0 ||| qw: Lair rune preference: random
     0 | D:1      | 0 ||| qw: Goals: Normal
     0 | D:1      | 0 ||| PLANNING D:1-11
    92 | D:1      | Reached skill level 3 in Ranged Weapons
   102 | D:1      | 102 ||| FLEEEEING.
   119 | D:1      | Reached XP level 2. HP: 12/23 MP: 2/2
   517 | D:1      | 517 ||| UPGRADING to +0 leather armour.
   527 | D:1      | 527 ||| DROPPING +0 robe.
   528 | D:1      | 528 ||| UPGRADING to +0 ring mail.
   538 | D:1      | 538 ||| DROPPING +0 leather armour.
   539 | D:1      | 539 ||| READING scroll labelled DER WORAFEJE.
   640 | D:1      | 640 ||| READING 3 scrolls labelled GERERI WUA.
   641 | D:1      | 641 ||| READING 2 scrolls of identify.
   641 | D:1      | 641 ||| IDENTIFYING dark potion
   642 | D:1      | 642 ||| DROPPING scroll of poison.
   667 | D:2      | 667 ||| STAIRDANCE
   670 | D:1      | HP: 6/24 [worm (9)]
   671 | D:1      | 671 ||| DRINKING potion of heal wounds.
   812 | D:2      | Found a faded altar of an unknown god.
   837 | D:2      | Reached XP level 3. HP: 29/29 MP: 3/3
  1058 | D:2      | Reached skill level 4 in Ranged Weapons
  1123 | D:2      | Noticed Jessica
  1130 | D:2      | HP: 2/29 [Jessica/+0 club (6)]
  1133 | D:2      | Slain by Jessica

Levels and vault maps discovered:
D:1:      dpeg_arrival_connections, layout_basic, minmay_octomino_e4
D:2:      layout_basic, basic_ecumenical_altar, kennysheep_generic_room_15,
          uniq_jessica

Skill      XL: |  1  2  3 |
---------------+----------+-----
Ranged Weapons | 3 4 |  4.1
Fighting       | 2 |  2.1
Dodging        | |  2.1
Spellcasting   | |  1.0
Hexes          | |  2.0

Action                     || total
---------------------------++-------
   Fire: Sling             ||   109
    Use: Scroll            ||     3
         Potion            ||     1
 Armour: Ring mail         ||    16
  Dodge: Dodged            ||    30

Table legend:
 A = Non-vault XP
 B = Vault XP
 C = Vault XP percentage of total XP
 D = Non-vault monster count
 E = Vault monster count
 F = Vault count percentage of total count
                 A         B        C        D         E       F
            +---------+---------+-------+---------+---------+-------
      Total |      67 |      10 |  13.0 |      24 |       4 |  14.3
            +---------+---------+-------+---------+---------+-------
        D:1 |      31 |       5 |  13.9 |      16 |       3 |  15.8
        D:2 |      36 |       5 |  12.2 |       8 |       1 |  11.1
            +---------+---------+-------+---------+---------+-------
